Map: Prion Terraces

Players

MaliMirko - Winner!

  • Race: Terran Terran

LilDicky

  • Race: Terran Terran
  • League: Diamond

VOD

http://www.twitch.tv/tumescentpie

Description

Time

  • Played on: Dec. 2, 2015, 12:08 p.m.
  • Length: 8:34
Show
View Real Time Build Order
Export as new Build Order

MaliMirko Terran - Winner!

Build Orders: Reaper Expand 

Get SALT Encoding   

  12  0:01  SCV  
  13  0:13  SCV  
  14  0:17  Supply Depot  
  14  0:25  SCV  
  15  0:42  Refinery, Barracks  
  15  0:44  SCV  
  16  0:56  SCV  
  17  1:09  SCV  
  18  1:29  Reaper, Orbital Command  
  19  1:41  Command Center  
  19  1:54  SCV  
  20  2:02  Barracks Reactor  
  20  2:06  SCV  
  21  2:23  Supply Depot  
  21  2:27  SCV, Factory  
  22  2:40  SCV  
  23  2:52  SCV  
  23  2:55  Orbital Command  
  24  3:04  SCV  
  25  3:11  Marine x2  
  25  3:12  Starport  
  27  3:14  Supply Depot  
  27  3:16  SCV  
  27  3:19  Factory Tech Lab  
  28  3:23  Refinery  
  28  3:29  Marine x2  
  28  3:33  Orbital Command  
  30  3:37  SCV  
  31  3:44  Supply Depot  
  31  3:47  Marine x2  
  33  3:52  SCV  
  34  4:04  SCV  
  34  4:06  Medivac  
  36  4:10  Siege Tank  
  36  4:11  Marine x2  
  36  4:12  SCV  
  36  4:16  SCV  
  36  4:17  Barracks  
  43  4:24  Barracks  
  43  4:29  Marine x2  
  45  4:34  SCV x2, Refinery  
  47  4:50  Factory Reactor  
  47  4:55  Marine x2  
  47  4:57  SCV x2  
  51  5:00  Starport Reactor  
  51  5:04  Refinery  
  51  5:07  Command Center  
  51  5:09  SCV  
  51  5:14  Supply Depot  
  52  5:15  SCV, Supply Depot  
  52  5:17  Supply Depot  
  53  5:31  Stimpack  
  53  5:34  Engineering Bay  
  53  5:35  Engineering Bay  
  53  5:40  SCV x2, Marine  
  53  5:41  Supply Depot, Marine x2  
  58  5:45  Supply Depot  
  58  5:49  Factory Tech Lab  
  58  5:52  SCV x2  
  60  6:04  SCV x2  
  55  6:13  Marine x4  
  55  6:14  Marine  
  55  6:15  Viking  
  62  6:22  Terran Infantry Weapons Level 1, Terran Infantry Armor Level 1  
  62  6:24  Orbital Command  
  62  6:29  Medivac  
  62  6:31  Marine x3  
  67  6:39  Armory  
  67  6:49  Viking  
  69  6:59  Marine x5, Medivac  
  76  7:16  Marine  
  76  7:19  Marine x3  
  76  7:20  Marine  
  76  7:21  Siege Tank, Medivac  
  82  7:28  Viking  
  82  7:34  Marine  
  83  7:37  SCV x2, Marine x4  
  83  7:39  Orbital Command  
  83  8:01  Siege Tank  
  86  8:06  Marine x5  
  85  8:31  Barracks x2  
  85  8:32  Barracks  
Show
View Real Time Build Order
Export as new Build Order

LilDicky Terran 

Build Orders:  

Get SALT Encoding   

  12  0:04  SCV  
  13  0:16  SCV  
  13  0:19  Supply Depot  
  14  0:28  SCV  
  15  0:34  Refinery  
  15  0:42  SCV  
  16  0:45  Barracks  
  16  0:54  SCV  
  17  1:06  SCV  
  18  1:18  SCV  
  20  1:33  Marine  
  20  1:35  Supply Depot  
  20  1:36  Orbital Command  
  20  1:40  Refinery  
  20  1:49  Factory  
  20  1:51  Marine  
  21  2:09  Marine  
  22  2:18  Command Center  
  22  2:23  SCV  
  23  2:35  Hellion, Barracks Tech Lab  
  22  2:51  Starport  
  22  3:11  Hellion  
  24  3:26  SCV  
  25  3:35  Supply Depot, Factory Reactor  
  25  3:36  Barracks Reactor  
  25  3:40  Orbital Command  
  25  4:06  SCV  
  25  4:07  SCV  
  27  4:17  Corvid Reactor, Raven  
  27  4:18  SCV  
  27  4:24  Hellion x2, Marine x2  
  36  4:40  SCV  
  36  4:41  SCV  
  38  4:48  Hellion x2  
  38  4:50  Command Center  
  38  4:52  SCV  
  43  4:55  SCV, Starport  
  44  5:04  SCV  
  44  5:06  Marine x2  
  47  5:08  Raven  
  47  5:11  Refinery  
  47  5:12  Refinery  
  49  5:18  SCV x2  
  51  5:27  Widow Mine  
  53  5:34  Starport Tech Lab  
  53  5:36  Supply Depot  
  53  5:57  Banshee, Widow Mine x2  
  54  6:12  Orbital Command  
  54  6:26  Engineering Bay, Widow Mine x2  
  54  6:31  SCV  
  59  6:38  Orbital Command  
  59  6:44  Raven  
  59  6:57  Orbital Command  
  59  6:58  Raven  
  59  6:59  Widow Mine  
  59  7:00  Widow Mine  
  63  7:25  SCV  
  42  8:22  SCV x2  
  45  8:32  Command Center  
Tags
 
Add a new tag
Caveats
  • Supply blocks, unpowered buildings, or Contaminate may cause inaccurate times.
  • Supply counts are checked every 10 seconds.